 Dungeon Crawl Stone Soup version 0.19-a0-1851-g3228ea0 (webtiles) character file.

84 rvm the Insei (level 4, -2/32 HPs)
             Began as a Merfolk Transmuter on Oct 11, 2016.
             Slain by a gnoll
             ... wielding a +0 flail
              (7 damage)
             ... on level 2 of the Dungeon.
             The game lasted 00:04:50 (1695 turns).

rvm the Insei (Merfolk Transmuter)                  Turns: 1695, Time: 00:04:50

Health: -2/32      AC:  2    Str: 11    XL:     4   Next: 45%
Magic:  0/7        EV: 18    Int: 12    God:
Gold:   83         SH:  0    Dex: 19    Spells: 3 memorised, 1 level left

rFire  . . .     SeeInvis .       - Unarmed
rCold  . . .     Gourm    .     b - +0 robe
rNeg   . . .     Faith    .     (no shield)
rPois  .         Spirit   .     (no helmet)
rElec  .         Dismiss  .     (no cloak)
rCorr  .         Reflect  .     (no gloves)
MR     .....     Harm     .     (no boots)
Stlth  +++.......               (no amulet)
                                (no ring)
                                (no ring)

@: agile, appendage, very slightly contaminated
A: change form in water, swift swim, stealthy swim, horns 2
a: End Transformation


You were on level 2 of the Dungeon.
You were hungry.
You had grown temporary horns.
You visited 1 branch of the dungeon, and saw 2 of its levels.

You collected 83 gold pieces.

Inventory:

Missiles
 a - 23 arrows
Armour
 b - a +0 robe (worn)
Jewellery
 h - a +3 ring of intelligence {unknown}
Scrolls
 g - a scroll of teleportation {unknown}
Books
 c - a book of Changes

   Spells                             Type                      Level
   a - Beastly Appendage              Transmutation                1
   b - Sticks to Snakes               Transmutation                2
   c - Spider Form                    Transmutation/Poison         3
   d - Ice Form                       Ice/Transmutation            4
   e - Blade Hands                    Transmutation                5
Comestibles
 d - a bread ration
 i - a slice of pizza


   Skills:
 - Level 1.1 Fighting
 - Level 2.6 Dodging
 * Level 4.8 Unarmed Combat
 - Level 2.0 Spellcasting
 + Level 4.3 Transmutations


You had one spell level left.
You knew the following spells:

 Your Spells              Type           Power        Failure   Level  Hunger
a - Beastly Appendage     Tmut           ##....       6%          1    ##.....
b - Sticks to Snakes      Tmut           ##......     10%         2    ###....
c - Spider Form           Tmut/Pois      #.........   34%         3    ####...


Dungeon Overview and Level Annotations

Branches:
Dungeon (2/15)

Altars:

Annotations:
D:2 Natasha


Innate Abilities, Weirdness & Mutations

You revert to your normal form in water.
You are very nimble and swift while swimming.
You are very stealthy in the water. (Stealth+)
You have a pair of horns on your head.


Message History

Natasha shimmers violently.
Natasha claws you!
* * * LOW HITPOINT WARNING * * *
Your adder closely misses the gnoll.
It was a potion of agility.
You feel agile all of a sudden.
Your adder barely misses the gnoll.
Natasha closely misses you. The gnoll hits your adder with a flail!
Your adder dies!
Casting: Sticks to Snakes
Confirm with . or Enter, or press ? or * to list all spells.
You grow a pair of large bovine horns.
You are feeling hungry.
Natasha misses you.
Unknown command.
You hit Natasha but do no damage. Natasha completely misses you.
The gnoll completely misses you.
You closely miss Natasha. Natasha closely misses you.
The gnoll hits you with a flail!
You die...

##################
#.gSgg............
#@################
#h# #... #5# #.##
#.# #... #.#
#####..# #.#
#......# #..
#.####.# #.. #...#
#.#.#


You could see Natasha, 3 gnolls, a crimson imp and a ball python.

Vanquished Creatures
  Natasha (D:2)
  2 adders (D:2)
  An ooze (D:2)
  A dart slug (D:1)
  A leopard gecko (D:2)
  2 giant cockroaches (D:1)
  A goblin (D:1)
  7 hobgoblins
  3 kobolds (D:1)
  A ball python (D:2)
  9 bats
  2 frilled lizards (D:1)
  6 rats
37 creatures vanquished.

Notes
Turn   | Place    | Note
-------+----------+-------------------------------------------
     0 | D:1      | rvm the Merfolk Transmuter began the quest for the Orb.
     0 | D:1      | Reached XP level 1. HP: 15/15 MP: 3/3
    83 | D:1      | Reached XP level 2. HP: 11/21 MP: 5/5
   241 | D:1      | Learned a level 2 spell: Sticks to Snakes
   632 | D:1      | Reached XP level 3. HP: 11/26 MP: 6/6
  1195 | D:1      | Learned a level 3 spell: Spider Form
  1371 | D:2      | Noticed Natasha
  1382 | D:2      | Killed Natasha
  1382 | D:2      | Reached XP level 4. HP: 23/32 MP: 2/7
  1687 | D:2      | Noticed Natasha
  1695 | D:2      | Slain by a gnoll

Vault maps used:
D:1:      dpeg_arrival_pits, serial_forest, infiniplex_forest_clump_double,
          infiniplex_forest_lined_2, infiniplex_forest_straight_3,
          infiniplex_forest_lined_room_, infiniplex_forest_clump_medium,
          infiniplex_forest_clump_small, infiniplex_forest_lined_1
D:2:      uniq_natasha

Skill      XL: |  1  2  3 |
---------------+----------+-----
Transmutations | 3 4 |  4.3
Unarmed Combat | 4 |  4.8
Fighting       | |  1.1
Dodging        | |  2.6
Spellcasting   | |  2.0

Action                   |  1- 3 |  4- 6 || total
-------------------------+-------+-------++-------
Melee: Unarmed           |   111 |    27 ||   138
       Punch             |     3 |     1 ||     4
       Headbutt          |     1 |       ||     1
 Cast: Beastly Appendage |     3 |     1 ||     4
       Sticks to Snakes  |     4 |     5 ||     9
  Use: Potion            |       |     2 ||     2
 Stab: Sleeping          |     2 |     1 ||     3
       Distracted        |     1 |       ||     1
  Eat: Chunk             |     1 |     2 ||     3
Armor: Robe              |    18 |     1 ||    19
Dodge: Dodged            |    76 |    19 ||    95
